 Dungeon Crawl Stone Soup version 0.19-a0-1457-g32fba05 (webtiles) character file.

23 shnurlf the Sneak (level 3, -2/27 HPs)
             Began as a Vine Stalker Wanderer on Sept 6, 2016.
             Slain by Natasha (3 damage)
             ... on level 2 of the Dungeon.
             The game lasted 00:02:55 (1175 turns).

shnurlf the Sneak (Vine Stalker Wanderer)           Turns: 1175, Time: 00:02:56

Health: -2/27      AC: 21    Str: 13    XL:     3   Next: 0%
Magic:  0/4        EV:  2    Int: 13    God:
Gold:   25         SH:  0    Dex: 14    Spells: 0 memorised, 2 levels left

rFire  . . .     SeeInvis .     g - +0 short sword
rCold  . . .     Gourm    .     (armour currently unavailable)
rNeg   + + +     Faith    .     (no shield)
rPois  +         Spirit   +     (helmet currently unavailable)
rElec  .         Dismiss  .     (cloak currently unavailable)
rCorr  .         Reflect  .     (gloves currently unavailable)
MR     .....     Harm     .     (boots currently unavailable)
Stlth  +++....... NoTele   +    (no amulet)
                                (no ring)
                                (no ring)

@: tree-form
A: (fangs 0), magic shield, (antimagic bite), no device heal 3, rot immunity
a: no special abilities


You were on level 2 of the Dungeon.
You were not hungry.
You were a tree.
You visited 1 branch of the dungeon, and saw 3 of its levels.

You collected 25 gold pieces.

Inventory:

Hand Weapons
 a - a +2 spear
 g - a +0 short sword (weapon)
Missiles
 h - 2 throwing nets (quivered)
Armour
 d - a +0 robe
 e - a +0 ring mail (melded)
 l - a +0 pair of gloves
Scrolls
 i - a scroll of amnesia {unknown}
 j - a scroll of random uselessness {unknown}
Potions
 b - a potion of curing
Books
 k - a book of Spatial Translocations

   Spells                             Type                      Level
   a - Apportation                    Translocation                1
   b - Blink                          Translocation                2
   c - Shroud of Golubria             Charms/Translocation         2
   d - Portal Projectile              Translocation                3
   e - Teleport Other                 Translocation                3
   f - Passage of Golubria            Translocation                4
Comestibles
 f - a bread ration


   Skills:
 + Level 2.1 Fighting
 * Level 1.0 Short Blades
 - Level 1.7 Polearms
   Level 1.0 Crossbows
 + Level 1.6 Armour
 - Level 3.6 Stealth
   Level 1.0 Shields


You had 2 spell levels left.
You didn't know any spells.

Dungeon Overview and Level Annotations

Branches:
Dungeon (3/15)

Altars:

Annotations:
D:2 Natasha


Innate Abilities, Weirdness & Mutations

((You have extremely sharp teeth.))
When hurt, damage is shared between your health and your magic reserves.
((Your bite disrupts and absorbs the magic of your enemies.))
Potions and wands cannot restore your health.
You are immune to rotting.


Message History

Natasha casts a spell at you. The magic dart hits you!
You hit Natasha. You bite Natasha, but do no damage.
Natasha is moderately wounded.
Natasha mumbles some strange words.
You hit Natasha.
Natasha is heavily wounded.
Natasha claws you.
* * * LOW HITPOINT WARNING * * *
You are too injured to fight recklessly!
You turn into a tree.
Your +0 ring mail melds into your body.
Your roots penetrate the ground.
Natasha claws you but does no damage.
You closely miss Natasha.
Natasha is heavily wounded.
Natasha claws you but does no damage.
The crimson imp hits you but does no damage.
You closely miss Natasha.
Natasha is heavily wounded.
Natasha claws you.
You die...

#########
#......<#
#.###...#
#.#.#
#.#.#
#.#.#
#.###.#.#
#[..h5..#
#####♣..#
###.# ..#
###


You could see Natasha and a crimson imp.

Vanquished Creatures
  A dart slug (D:2)
  A giant gecko (D:1)
  3 bats (D:1)
  A giant cockroach (D:1)
  4 hobgoblins
  2 jackals (D:1)
  A ball python (D:1)
  A giant newt (D:1)
  2 kobolds (D:1)
  3 rats (D:1)
19 creatures vanquished.

Notes
Turn   | Place    | Note
-------+----------+-------------------------------------------
     0 | D:1      | shnurlf the Vine Stalker Wanderer began the quest for the Orb.
     0 | D:1      | shnurlf set off with: a +2 spear, a potion of curing, a potion of lignification, a +0 robe, a +0 dagger, a bread ration
     0 | D:1      | Reached XP level 1. HP: 11/11 MP: 2/2
   312 | D:1      | Reached XP level 2. HP: 15/15 MP: 3/3
   516 | D:2      | Reached skill level 1 in Short Blades
   980 | D:1      | Reached XP level 3. HP: 16/18 MP: 4/4
  1166 | D:2      | Noticed Natasha
  1175 | D:2      | Slain by Natasha

Vault maps used:
D:1:      wheals_arrival_shading
D:2:      st_stairs_8, uniq_natasha
D:3:      portal_sewer_entry_a

Skill      XL: |  1  2 |
---------------+-------+-----
Fighting       | 2 |  2.1
Short Blades   | 1 |  1.0
Polearms       | |  1.7
Crossbows      | |  1.0
Armour         | |  1.6
Stealth        | |  3.6
Shields        | |  1.0

Action                   || total
-------------------------++-------
Melee: Short sword       ||    65
       Bite              ||    15
  Use: Potion            ||     1
 Stab: Sleeping          ||     2
  Eat: Chunk             ||     1
Armor: Ring mail         ||    18
       Skin              ||     3
Dodge: Dodged            ||    33
